 Dungeon Crawl Stone Soup version 0.31-a0-1083-g4fe0c3d (webtiles) character file.

Game seed: 296242092899440917

2165858 DevouringOne the Wrestler (level 25, 273/273 HPs)
             Began as a Demonspawn Artificer on Nov 27, 2023.
             Was an Initiate of Gozag.
             Escaped with the Orb
             ... and 3 runes!
             The game lasted 01:22:22 (41472 turns).

DevouringOne the Wrestler (Demonspawn Artificer)   Turns: 41472, Time: 01:22:23

Health: 273/273    AC: 31    Str: 29    XL:     25   Next: 1%
Magic:  38/38      EV: 11    Int: 14    God:    Gozag
Gold:   1864       SH: 29    Dex: 14    Spells: 46/46 levels left

rFire   + +          +
                       - Unarmed
rCold   + . .        N - +8 tower shield {reflect}
rNeg    + + .        e - melded +5 chain mail of the Endless Ziggurats {Regen+ rCorr Str+3}
rPois   ∞            (helmet unavailable)
rElec   +            P - scarf {rC+ rF+}
rCorr   +            B - melded +2 pair of gloves
SInv    +            l - melded +2 pair of boots
Will    +....        r - amulet of Tomuekuk {Regen+ Str+3}
Stlth   +            z - ring of Terra Nullius {rPois rC+ Slay+4}
HPRegen 1.45/turn    M - ring of the Pharaoh's Fist {rF++ rC- rN+ Str+3 SInv}
MPRegen 0.52/turn

%: reflection, guardian spirit
@: statue-form, studying 4 skills, very slow
A: slow and powerful, torment resistance 1, boosted hp, horns 3, yellow scales
3, spiny 3, augmentation 2, magic shield, magic regeneration, magic link
0: Orb of Zot
}: 3/15 runes: decaying, serpentine, silver
a: Begin Untransformation, Renounce Religion, Potion Petition, Call Merchant,
Bribe Branch


You escaped.
You worshipped Gozag.
Gozag was most pleased with you.
You were a living statue of rough stone.
You visited 10 branches of the dungeon, and saw 48 of its levels.
You visited 1 bazaar.
You visited 1 ziggurat, and saw 8 of its levels.
You also visited: Trove, Sewer and Desolation.

You collected 23928 gold pieces.
You spent 4931 gold pieces at shops.
You paid 17133 gold pieces to Gozag.

Inventory:

Missiles
 q - 31 poisoned darts
 y - 6 throwing nets
Armour
 e - the +5 chain mail of the Endless Ziggurats (melded) {Regen+ rCorr Str+3}
   (You bought it in a shop on level 1 of the Lair of Beasts)

   Str+3:     It affects your strength (+3).
   Regen+:    It increases your rate of health regeneration.
   rCorr:     It protects you from acid and corrosion.
 l - a +2 pair of boots (melded)
 B - a +2 pair of gloves (melded)
 N - a +8 tower shield of reflection (worn)
 P - a scarf of resistance (worn)
Jewellery
 a - a ring of positive energy
 r - the amulet of Tomuekuk (around neck) {Regen+ Str+3}
   (You found it on level 1 of the Lair of Beasts)

   [amulet of regeneration]

   Str+3:     It affects your strength (+3).
   Regen+:    It increases your rate of health regeneration.
 z - the ring of Terra Nullius (left fist) {rPois rC+ Slay+4}
   (You bought it in a shop on level 1 of the Elven Halls)

   [ring of slaying]

   Slay+4:    It affects your accuracy & damage with ranged weapons and melee
   (+4).
   rC+:       It protects you from cold.
   rPois:     It protects you from poison
 G - the ring of Jeow {Fly rF+ Will+}
   (You found it in the Desolation of Salt)

   [ring of flight]

   rF+:       It protects you from fire.
   Will+:     It increases your willpower.
   Fly:       It grants you flight.
 M - the ring of the Pharaoh's Fist (right fist) {rF++ rC- rN+ Str+3 SInv}
   (You took it off an ogre mage on level 5 of the Vaults)

   [ring of positive energy]

   Str+3:     It affects your strength (+3).
   rF++:      It greatly protects you from fire.
   rC-:       It makes you vulnerable to cold.
   rN+:       It protects you from negative energy.
   SInv:      It lets you see invisible.
Talismans
 S - a granite talisman (active)
Wands
 d - a wand of charming (7)
 t - a wand of polymorph (14)
 E - a wand of paralysis (44)
 K - a wand of roots (39)
 Q - a wand of flame (24)
 V - a wand of acid (9)
 W - a wand of mindburst (9)
Scrolls
 h - 10 scrolls of noise
 i - 6 scrolls of fog
 j - 10 scrolls of blinking
 m - 27 scrolls of teleportation
 u - 2 scrolls of poison
 v - a scroll of butterflies
 x - 5 scrolls of fear
 F - 3 scrolls of vulnerability
 L - a scroll of torment
 O - 5 scrolls of amnesia
 T - 4 scrolls of immolation
 Z - 3 scrolls of silence
Potions
 b - 14 potions of curing
 c - 12 potions of heal wounds
 f - 7 potions of brilliance
 g - 2 potions of resistance
 k - 7 potions of enlightenment
 n - 3 potions of haste
 p - 3 potions of cancellation
 s - 6 potions of magic
 A - 6 potions of lignification
 C - 3 potions of might
 D - 2 potions of invisibility
 H - 9 potions of mutation
 I - 6 potions of attraction
 U - a potion of berserk rage
Miscellaneous
 w - a condenser vane
 R - a phantom mirror
 X - a lightning rod (4/4)
 Y - a sack of spiders


   Skills:
 * Level 19.9 Fighting
 - Level 1.9 Armour
 - Level 0.8 Dodging
 - Level 0.8 Stealth
 - Level 20.3 Shields
 - Level 22.8 Unarmed Combat
 + Level 11.1 Spellcasting
 - Level 3.0 Evocations
 - Level 19.4 Shapeshifting


You had 46 spell levels left.
You didn't know any spells.
Your spell library contained the following spells:

 Spells                   Type           Power      Damage    Failure   Level
 Apportation              Tloc           28%        N/A       14%         1
 Foxfire                  Conj/Fire      56%        2x1d6     14%         1
 Magic Dart               Conj           56%        1d5       14%         1
 Necrotise                Necr           56%        1d6       14%         1
 Sandblast                Erth           28%        2d8       14%         1
 Shock                    Conj/Air       56%        1d6       14%         1
 Slow                     Hex            56%        N/A       14%         1
 Sting                    Tmut/Pois      56%        1d5       14%         1
 Summon Small Mammal      Summ           56%        N/A       14%         1
 Blink                    Tloc           28%        N/A       22%         2
 Cigotuvi's Dreadful Rot  Necr/Pois/Air  28%        N/A       22%         2
 Ensorcelled Hibernation  Hex/Ice        28%        N/A       22%         2
 Jinxbite                 Hex            28%        N/A       22%         2
 Lesser Beckoning         Tloc           28%        N/A       22%         2
 Momentum Strike          Conj/Tloc      28%        3d8       22%         2
 Passwall                 Tmut/Erth      11%        N/A       22%         2
 Static Discharge         Conj/Air       28%        3-5/arc   22%         2
 Wereblood                Tmut           14%        N/A       22%         2
 Call Canine Familiar     Summ           14%        N/A       38%         3
 Confusing Touch          Hex            14%        N/A       38%         3
 Dazzling Flash           Conj/Hex       28%        N/A       38%         3
 Frozen Ramparts          Ice            28%        1d5       38%         3
 Gell's Gravitas          Tloc           14%        N/A       38%         3
 Hailstorm                Conj/Ice       14%        3d5       38%         3
 Ignite Poison            Fire/Tmut/Pois 14%        N/A       38%         3
 Inner Flame              Hex/Fire       14%        N/A       38%         3
 Sigil of Binding         Hex            14%        N/A       38%         3
 Stone Arrow              Conj/Erth      28%        3d8       38%         3
 Summon Guardian Golem    Hex/Summ       14%        N/A       38%         3
 Swiftness                Air            14%        N/A       38%         3
 Teleport Other           Tloc           14%        N/A       38%         3
 Tukima's Dance           Hex            14%        N/A       38%         3
 Vampiric Draining        Necr           14%        2d7       38%         3
 Volatile Blastmotes      Fire/Tloc      28%        2d12      38%         3
 Airstrike                Air            7%         2d(1-17)  80%         4
 Anguish                  Hex/Necr       7%         N/A       80%         4
 Brom's Barrelling Bould  Conj/Erth      14%        2d4       80%         4
 Cause Fear               Hex            7%         N/A       80%         4
 Dimensional Bullseye     Hex/Tloc       7%         N/A       80%         4
 Dispel Undead            Necr           14%        3d10      80%         4
 Fulminant Prism          Conj/Hex       7%         3d7       80%         4
 Iskenderun's Mystic Bla  Conj/Tloc      14%        2d5       80%         4
 Leda's Liquefaction      Hex/Erth       7%         N/A       80%         4
 Manifold Assault         Tloc           14%        N/A       80%         4
 Olgreb's Toxic Radiance  Pois           14%        N/A       80%         4
 Passage of Golubria      Tloc           14%        N/A       80%         4
 Petrify                  Tmut/Erth      14%        N/A       80%         4
 Sticky Flame             Conj/Fire      14%        2d4       80%         4
 Summon Lightning Spire   Summ/Air       14%        N/A       80%         4
 Vhi's Electric Charge    Tloc/Air       28%        N/A       80%         4
 Alistair's Intoxication  Tmut/Pois      9%         N/A       98%         5
 Arcjolt                  Conj/Air       7%         1d17      98%         5
 Borgnjor's Vile Clutch   Necr/Erth      7%         N/A       98%         5
 Fireball                 Conj/Fire      7%         3d5       98%         5
 Freezing Cloud           Conj/Ice/Air   7%         6-21      98%         5
 Irradiate                Conj/Tmut      7%         3d14      98%         5
 Lee's Rapid Deconstruct  Erth           7%         3d6*      98%         5
 Metabolic Englaciation   Hex/Ice        7%         N/A       98%         5
 Silence                  Hex/Air        7%         N/A       98%         5
 Summon Mana Viper        Hex/Summ       14%        N/A       98%         5
 Yara's Violent Unravell  Hex/Tmut       7%         3d5       98%         5
 Bombard                  Conj/Erth      7%         9d2       100%        6
 Death Channel            Necr           7%         N/A       100%        6
 Dispersal                Tloc           7%         N/A       100%        6
 Eringya's Noxious Bog    Tmut/Pois      7%         4d6       100%        6
 Plasma Beam              Fire/Air       7%         2x1d17    100%        6
 Starburst                Conj/Fire      7%         6d4       100%        6
 Enfeeble                 Hex            7%         N/A       100%        7
 Haunt                    Necr/Summ      7%         N/A       100%        7
 Malign Gateway           Summ/Tloc      7%         N/A       100%        7
 Orb of Destruction       Conj           7%         9d6       100%        7
 Spellforged Servitor     Conj/Summ      7%         N/A       100%        7
 Summon Hydra             Summ           7%         N/A       100%        7
 Ignition                 Fire           7%         3d4       100%        8
 Infestation              Necr           7%         N/A       100%        8
 Lehudib's Crystal Spear  Conj/Erth      7%         10d3      100%        8
 Maxwell's Capacitive Co  Air            7%         ∞         100%        8
 Summon Horrible Things   Summ           7%         N/A       100%        8
 Chain Lightning          Conj/Air       7%         3d9       100%        9
 Dragon's Call            Summ           7%         N/A       100%        9
 Sublimation of Blood     Necr           Unusable   N/A       N/A         2
 Animate Dead             Necr           Unusable   N/A       N/A         4

Dungeon Overview and Level Annotations

Branches:
Dungeon (15/15)            Temple (1/1) D:5            Lair (5/5) D:11
  Swamp (4/4) Lair:3        Snake (4/4) Lair:3          Orc (2/2) D:9
    Elf (3/3) Orc:2        Vaults (5/5) D:13          Crypt (0/3) Vaults:2
 Depths (4/4) D:15            Zot (5/5) Depths:4      Sewer (visited)
Desolation (visited)
  Slime: Lair:4-5

Altars:
Ashenzari
Cheibriados
Dithmenos
Fedhas
Gozag
Hepliaklqana
Kikubaaqudgha
Makhleb
Nemelex Xobeh
Okawaru
Qazlal
Ru
Sif Muna
Trog
Uskayaw
Vehumet
Wu Jian
Xom
Yredelemnul
Jiyva
Lugonu

Shops:
D:6 (   D:11 !*   D:13 **   Orc:1 *   Orc:2 ?*[(   Elf:1 =   Elf:2 ?   Elf:3 *[
Lair:1 [   Lair:3 [   Lair:4 [   Snake:1 [   Snake:2 (   Snake:3 (   Vaults:1 :
Vaults:2 *   Vaults:4 !   Depths:1 :!:*[

Portals:
Abyss: Depths:1 Depths:3

Annotations:
D:11 1 runed translucent door
D:12 6 transporters
Lair:5 exclusion: 3 oklob plants
Snake:3 1 runed translucent door, Qootor's ghost, journeyman DECj
Orc:1 1 runed translucent door, Sutaix's ghost, journeyman VSFi


Innate Abilities, Weirdness & Mutations

You are a living statue of rough stone.
Your actions are slow, but your melee attacks are powerful.
You are resistant to unholy torment.
Your maximum health is greatly increased.
Your equipment is partially melded.
You are immune to poison.
You have a pair of large horns on your head.
(You are completely covered in yellow scales. (AC +4, rCorr))
You are completely covered in sharp spines.
Your magical and physical power is enhanced at high health.
When hurt, damage is shared between your health and your magic reserves.
You regenerate magic rapidly.
When low on magic, you restore magic in place of health.


Message History

The seraph shouts a warning to its allies!
You block the angel's attack. x2
The daeva calls down the wrath of the Shining One upon you.
The Shining One smites you!
There is a stone staircase leading up here.
You block the angel's attack. x2; The angel hits you but does no damage.
You block the angel's attack.
The daeva calls down the wrath of the Shining One upon you.
The Shining One smites you!
The daeva calls down the wrath of the Shining One upon you.
The Shining One smites you! You block the angel's attack.
The angel hits you with a +3 whip of holy wrath.
You convulse.
You climb upwards.
There is a stone staircase leading down here.
No target in view!
What level of the Dungeon? (default 1, ? - help) Natasha, Servant of Life and Death comes into view.
Natasha hisses angrily.
Natasha casts a spell at you.
The magic dart hits you but does no damage.
You block Natasha's attack.
You squash Natasha like an ant!!!!
You kill Natasha!
No target in view!
No target in view!
No target in view!
No target in view!
No target in view!
No target in view!
There is a stone staircase leading up here.
You can't go up here!
There is a stone staircase leading up here.
You climb upwards.
There is a stone staircase leading down here.
HP restored.
There is an open door here.
There is an open door here.
There is a staircase leading out of the dungeon here.
You have escaped!

#..'...'..##############..
#..#.#.#.P#....#.....#....
####.#.####.##.#.###.#.#..
#.P#...#..#.#.............
#..'...'..#.#..#..#..#.###
#..#...#.P#...............
####...######..#..#.######
#..#...#..#.#.......##
#(.'...'.8#..........#####
#.P#...#..#>..............
#####'#####............###
#......[.#..#.####.###
###...........#.......
##..........#.###..#
######.###.#.# #..#
#.......# #..#
##########...####...


There were no monsters in sight!

Vanquished Creatures
  A dread lich (Zig:8)
  An ancient lich (Vaults:5)
  A juggernaut (Zig:7)
  Sojobo (Vaults:5)
  the Lernaean hydra (Swamp:4)
  Vashnia (Snake:4)
  A Killer Klown (Zot:4)
  A curse toe (Zot:5)
  Nikola (Depths:1)
  8 golden dragons
  2 pandemonium lords
  A Tzitzimitl (Zig:5)
  An electric golem (Zot:3)
  12 tentacled monstrosities
  2 liches
  11 Orb Guardians
  2 deep elf blademasters (Elf:3)
  2 quicksilver dragons
  3 titans
  2 deep elf master archers (Elf:3)
  2 acid blobs (Zig:6)
  2 Executioners
  Gastronok (Lair:3)
  3 ancient champions
  5 sphinxes
  2 death cobs (Zot:1)
  7 shadow dragons
  6 tengu reavers
  Aizul (Swamp:4)
  2 thorn hunters
  3 draconian monks
  Kirke (D:14)
  A fenstrider witch (Swamp:1)
  9 storm dragons
  A draconian knight (Zot:4)
  6 nagarajas
  3 fire giants
  6 deep elf sorcerers
  9 frost giants
  A draconian shifter (Zig:3)
  The ghost of Liju the Crack Shot, an adept SpHu of Dithmenos (Snake:1)
  2 ghost moths
  19 vault wardens
  5 deep elf elementalists (Elf:3)
  3 draconian scorchers
  3 imperial myrmidons (Desolation)
  Louise (D:14)
  2 cacodemons (D:7)
  2 balrugs
  3 draconian stormcallers
  17 ironbound preservers
  4 orc warlords
  4 draconian annihilators
  10 very ugly things
  2 iron dragons (Vaults:5)
  A demonspawn corrupter (D:7)
  2 quicksilver oozes (Zig:6)
  A curse skull (Vaults:2)
  2 reapers
  7 stone giants
  4 ironbound thunderhulks
  6 war gargoyles
  A caustic shrike skeleton (Depths:1)
  A broodmother (shapeshifter) (Depths:4)
  3 vampire knights
  A formless jellyfish (shapeshifter) (Vaults:5)
  5 green draconians
  A lorocyproca (D:5)
  3 deep elf demonologists
  4 eleionomae
  7 bunyips
  6 purple draconians
  3 yellow draconians
  4 black draconians
  13 dire elephants
  4 white draconians
  4 red draconians
  6 deep elf annihilators
  Azrael (Snake:3)
  Snorg (Lair:3)
  7 deep elf death magi
  2 shambling mangroves (Swamp:3)
  8 ettins
  3 eidola
  A blizzard demon (D:4)
  The ghost of Ligragoa the Grappler, a journeyman TrGl of Xom (Lair:2)
  8 crystal guardians
  3 entropy weavers
  A fire dragon (shapeshifter) (Vaults:5)
  13 yaktaur captains
  11 ragged hierophants (Desolation)
  4 fire dragons
  Josephine (D:15)
  19 hydras
  4 deep elf high priests
  Harold (Orc:1)
  3 servants of whispers (Desolation)
  A sphinx zombie (D:15)
  Erolcha (D:12)
  3 hell beasts
  Fannar (D:12)
  6 great orbs of eyes
  A hydra (shapeshifter) (Vaults:5)
  A rakshasa (Depths:3)
  An ice dragon (Depths:3)
  9 peacekeepers
  35 vault guards
  11 ironbound frosthearts
  2 ghost crabs
  4 salamander tyrants
  20 anacondas
  10 dancing weapons
  17 alligators
  2 catoblepae
  7 two-headed ogres
  A spriggan skeleton (Depths:1)
  7 boulder beetles
  4 ogre magi
  12 centaur warriors
  2 vampire magi
  3 deep troll shamans
  2 occultists
  3 shock serpents
  13 death yaks
  14 naga warriors
  4 tengu warriors
  5 deep troll earth magi
  19 naga sharpshooters
  5 hell knights (Depths:3)
  An orc high priest (Orc:1)
  4 sun demons
  14 deep elf knights
  4 spriggans
  4 iron trolls
  5 salamander mystics
  10 goliath frogs
  6 spriggan druids
  A sixfirhy (D:7)
  A storm dragon skeleton (D:15)
  6 skeletal warriors (D:15)
  3 death drakes (Swamp:3)
  22 deep trolls
  A shadow demon (Zig:5)
  3 bog bodies
  2 golden dragon skeletons (Depths:1)
  8 swamp dragons
  6 arcanists
  11 naga ritualists
  2 flayed ghosts
  10 deep elf archers
  4 phantasmal warriors (Vaults:5)
  12 ironbound convokers
  18 deep elf pyromancers
  8 orc knights
  24 deep elf zephyrmancers
  6 lindwurms
  3 large abominations
  4 necromancers
  17 mana vipers
  4 cyclopes
  7 harpies
  A wolf spider (D:15)
  27 ugly things
  16 salamanders
  3 manticores
  12 will-o-the-wisps
  8 orc sorcerers
  10 moths of wrath
  5 elephants (Lair:4)
  42 black mambas
  8 torpor snails
  8 guardian serpents
  17 vault sentinels
  13 naga magi
  A molten gargoyle (Desolation)
  3 smoke demons
  Psyche (D:9)
  3 orange demons
  A gargoyle (D:12)
  3 hellions
  17 cane toads
  An unseen horror (shapeshifter) (Elf:1)
  2 unseen horrors
  7 komodo dragons
  24 yaktaurs
  An efreet (D:7)
  A freezing wraith (Vaults:2)
  3 rime drakes
  An ice devil (D:8)
  5 tengu conjurers
  4 trolls
  14 polar bears
  2 bloated husks
  9 hornets
  15 tyrant leeches
  50 saltlings (Desolation)
  A hellwing (D:7)
  21 blink frogs
  Prince Ribbit (Lair:2)
  7 dream sheep
  5 raiju
  17 slime creatures
  A spriggan zombie (Depths:1)
  Sigmund (D:3)
  A culicivora (shapeshifter) (Vaults:5)
  2 water elementals (Elf:1)
  2 vampires
  5 wraiths (D:15)
  5 basilisks
  6 fire elementals
  40 yaks
  9 wyverns
  3 fire bats (Lair:4)
  A golden eye (Zig:6)
  9 vampire mosquitoes
  8 wargs
  Menkaure (D:4)
  A steam dragon (D:8)
  A small abomination (D:3)
  17 swamp worms
  45 nagas
  6 acid dragons
  A water moccasin (shapeshifter) (Vaults:5)
  14 hell hounds
  7 swamp drakes
  13 water moccasins
  A sky beast (D:7)
  3 ice beasts
  22 orc warriors
  7 ogres
  14 black bears
  5 boggarts (D:14)
  30 wolves
  4 centaurs
  2 kobold brigands
  2 phantoms
  An earth elemental (Elf:3)
  17 bullfrogs
  A gnoll sergeant (D:10)
  3 scorpions
  4 wights
  18 killer bees
  A crimson imp (D:7)
  7 electric eels
  4 howler monkeys (D:10)
  A hound (D:4)
  19 orc priests
  A jelly (D:7)
  3 iguanas
  38 orc wizards
  Natasha (thrice) (D:2)
  Terence (D:2)
  Robin (D:3)
  7 gnolls (D:3)
  11 adders
  8 river rats (Sewer)
  A shadow imp (D:6)
  A white imp (D:6)
  8 ufetubi
  3 worms (D:2)
  4 dart slugs
  64 orcs
  2 bats (D:2)
  4 endoplasms
  3 giant cockroaches
  10 hobgoblins
  5 jackals (Sewer)
  7 kobolds
  4 quokkas
  3 training dummies (Snake:2)
  8 ball pythons
  12 frilled lizards
  9 goblins
  8 rats
1826 creatures vanquished.

Vanquished Creatures (collateral kills)
  A Killer Klown (Zot:5)
  A golden dragon (Zot:5)
  3 Orb Guardians (Zot:5)
  A quicksilver dragon (Zot:5)
  3 green draconians (Zot:5)
  A black draconian (Zot:5)
  A white draconian (Zot:5)
  A moth of wrath (Zot:5)
12 creatures vanquished.

Vanquished Creatures (others)
  2 orbs of fire (Zot:5)
  A Killer Klown (Zot:5)
  An electric golem (Zot:5)
  11 Orb Guardians
  A lich (Zot:1)
  A death cob (Zot:5)
  A green draconian (Zot:5)
  A white draconian (Zot:5)
  A sun demon (D:4)
  A deep elf knight (Elf:2)
  A goliath frog (Swamp:2)
  A deep elf pyromancer (Elf:1)
  A cane toad (Lair:3)
  10 bloated husks
  A human (D:14)
  A gnoll (D:3)
  57 foxfires
93 creatures vanquished.

Grand Total: 1931 creatures vanquished

Notes
Turn   | Place    | Note
-------+----------+-------------------------------------------
     0 | D:1      | DevouringOne the Demonspawn Artificer began the quest for
                  | the Orb.
     0 | D:1      | Reached XP level 1. HP: 15/15 MP: 1/1
   163 | D:1      | Reached skill level 1 in Unarmed Combat
   444 | D:1      | Gained mutation: You have a pair of small horns on your
                  | head. [demonic ancestry]
   444 | D:1      | Reached XP level 2. HP: 7/21 MP: 2/2
   965 | D:2      | Reached skill level 2 in Unarmed Combat
  1223 | D:2      | Noticed Natasha
  1245 | D:2      | Killed Natasha
  1246 | D:2      | Reached skill level 3 in Unarmed Combat
  1246 | D:2      | Gained mutation: You are partially covered in yellow
                  | scales. (AC +2) [demonic ancestry]
  1246 | D:2      | Reached XP level 3. HP: 17/26 MP: 3/3
  1306 | D:2      | Noticed Terence
  1308 | D:2      | Killed Terence
  1309 | D:2      | Gained mutation: You are mostly covered in yellow scales.
                  | (AC +3) [demonic ancestry]
  1309 | D:2      | Reached XP level 4. HP: 32/32 MP: 4/4
  1530 | D:2      | Noticed Natasha
  1533 | D:2      | Killed Natasha
  1671 | D:2      | Noticed a phantom
  1679 | D:2      | Killed a phantom
  1680 | D:2      | Reached skill level 4 in Unarmed Combat
  1680 | D:2      | Gained mutation: You regenerate magic rapidly. [demonic
                  | ancestry]
  1680 | D:2      | Reached XP level 5. HP: 32/37 MP: 5/5
  1928 | D:3      | Reached skill level 5 in Unarmed Combat
  2149 | D:3      | Found a glowing drain.
  2153 | Sewer    | Entered a sewer
  2163 | Sewer    | Reached XP level 6. HP: 43/43 MP: 6/6
  2286 | Sewer    | Reached skill level 6 in Unarmed Combat
  2957 | D:3      | Noticed Robin
  2978 | D:3      | Killed Robin
  3185 | D:3      | Noticed Sigmund
  3302 | D:3      | Killed Sigmund
  3303 | D:3      | Gained mutation: You are partially covered in sharp spines.
                  | [demonic ancestry]
  3303 | D:3      | Reached XP level 7. HP: 46/50 MP: 7/7
  3541 | D:4      | Reached skill level 7 in Unarmed Combat
  3549 | D:4      | Noticed Menkaure
  3558 | D:4      | Killed Menkaure
  3585 | D:4      | Identified the +1 helmet of the Loofah {Drain rElec rF-
                  | Int+7}
  4058 | D:4      | Reached XP level 8. HP: 58/58 MP: 8/8
  4292 | D:4      | Found a hazy altar of Hepliaklqana.
  4428 | D:5      | Entered Level 5 of the Dungeon
  4554 | D:5      | Reached skill level 8 in Unarmed Combat
  4574 | D:5      | Found a staircase to the Ecumenical Temple.
  4601 | Temple   | Entered the Ecumenical Temple
  5294 | D:6      | Found an ornate altar of the Wu Jian Council.
  5334 | D:6      | Found Tefaumae's Antique Weapon Emporium.
  5348 | D:6      | Reached skill level 9 in Unarmed Combat
  5353 | D:6      | Reached skill level 5 in Fighting
  5551 | D:6      | Gained mutation: You are mostly covered in sharp spines.
                  | [demonic ancestry]
  5551 | D:6      | Reached XP level 9. HP: 52/68 MP: 9/9
  5913 | D:7      | Found a burning altar of Makhleb.
  6155 | D:7      | Reached skill level 10 in Unarmed Combat
  6182 | D:7      | Paralysed by a hornet for 2 turns
  6445 | D:7      | Found an opulent altar of Gozag.
  6752 | D:8      | Reached skill level 11 in Unarmed Combat
  6795 | D:8      | Found a stormy altar of Qazlal.
  6898 | D:8      | Reached XP level 10. HP: 67/79 MP: 10/10
  7319 | D:7      | Became a worshipper of Gozag Ym Sagoz the Greedy
  7471 | D:9      | Found a staircase to the Orcish Mines.
  7587 | D:9      | Found a shadowy altar of Dithmenos.
  7845 | D:9      | Noticed Psyche
  7851 | D:9      | Killed Psyche
  7857 | D:9      | Reached skill level 12 in Unarmed Combat
  8089 | D:9      | Found a shimmering blue altar of Sif Muna.
  8301 | D:10     | Entered Level 10 of the Dungeon
  8554 | D:10     | Reached skill level 13 in Unarmed Combat
  8659 | D:10     | Identified the +3 scale mail "Horypt Miloi" {Will+ Str-3
                  | Int+5}
  9213 | D:11     | Bought a lumpy cyan potion for 22 gold pieces
  9213 | D:11     | Bought a lumpy cyan potion for 22 gold pieces
  9213 | D:11     | Bought a scroll of identify for 50 gold pieces
  9228 | D:11     | Reached XP level 11. HP: 89/89 MP: 11/11
  9400 | D:11     | Found a staircase to the Lair.
  9582 | D:11     | Found a runed translucent door.
  9582 | D:11     | Noticed a sixfirhy
  9628 | D:11     | Noticed a boulder beetle
  9646 | D:11     | Killed a boulder beetle
  9751 | D:11     | Found Ipokor's Distillery.
  9761 | D:11     | Bought 2 potions of heal wounds for 120 gold pieces
  9761 | D:11     | Bought a potion of berserk rage for 60 gold pieces
  9761 | D:11     | Bought a potion of curing for 36 gold pieces
  9761 | D:11     | Bought a potion of heal wounds for 60 gold pieces
  9761 | D:11     | Bought a potion of haste for 120 gold pieces
  9786 | D:11     | Noticed a two-headed ogre
  9797 | D:11     | Killed a two-headed ogre
  9973 | D:12     | Noticed Fannar
  9985 | D:12     | Killed Fannar
  9986 | D:12     | Reached skill level 14 in Unarmed Combat
 10063 | D:12     | Found a transporter.
 10067 | D:12     | Reached skill level 10 in Fighting
 10084 | D:12     | Found a transporter.
 10160 | D:12     | Found a transporter.
 10164 | D:12     | Found a transporter.
 10188 | D:12     | Noticed Erolcha
 10204 | D:12     | Killed Erolcha
 10242 | D:12     | Noticed a white ugly thing
 10255 | D:12     | Killed a white ugly thing
 10498 | D:12     | Noticed a two-headed ogre
 10507 | D:12     | Killed a two-headed ogre
 10544 | D:12     | Found a transporter.
 10545 | D:12     | Found a transporter.
 10735 | Orc:1    | Entered Level 1 of the Orcish Mines
 10735 | Orc:1    | Noticed Sutaix's ghost (journeyman VSFi)
 10735 | Orc:1    | Noticed Harold
 10735 | Orc:1    | Noticed an orc warlord
 10735 | Orc:1    | Found a runed translucent door.
 10755 | Orc:1    | Killed Harold
 10757 | Orc:1    | Killed an orc warlord
 10827 | Orc:1    | Found Araz's Assorted Antiques.
 10836 | Orc:1    | Bought a scroll of butterflies for 100 gold pieces
 10836 | Orc:1    | Bought a scroll of teleportation for 75 gold pieces
 10836 | Orc:1    | Bought a scroll of identify for 50 gold pieces
 10836 | Orc:1    | Bought a scroll labelled KARPHO MIOLINLOHO for 25 gold
                  | pieces
 10868 | Orc:1    | Gained mutation: You have a pair of horns on your head.
                  | [demonic ancestry]
 10868 | Orc:1    | Reached XP level 12. HP: 84/99 MP: 12/12
 11021 | Orc:1    | Reached skill level 15 in Unarmed Combat
 11225 | Orc:2    | Entered Level 2 of the Orcish Mines
 11234 | Orc:2    | Noticed an orc high priest
 11258 | Orc:1    | Killed an orc high priest
 11617 | Orc:2    | Paralysed by an orc sorcerer for 3 turns
 11633 | Orc:2    | Found a staircase to the Elven Halls.
 11748 | Orc:2    | Found Iruit's Magic Scroll Shop.
 11748 | Orc:2    | Found Mamoehomecw's General Store.
 11749 | Orc:2    | Found Qienop's Weapon Boutique.
 11753 | Orc:2    | Found Pyjaal's Antique Armour Boutique.
 11756 | Orc:2    | Bought a scroll of identify for 28 gold pieces
 11756 | Orc:2    | Bought a scroll of identify for 28 gold pieces
 11756 | Orc:2    | Bought a scroll of identify for 28 gold pieces
 11760 | Orc:2    | Bought a scroll of teleportation for 39 gold pieces
 11762 | Orc:2    | Bought a runed scarf for 192 gold pieces
 12299 | Lair:1   | Entered Level 1 of the Lair of Beasts
 12322 | Lair:1   | Reached skill level 16 in Unarmed Combat
 12429 | Lair:1   | Bought a twisted chain mail for 275 gold pieces
 12429 | Lair:1   | Identified the +5 chain mail of the Endless Ziggurats
                  | {Regen+ rCorr Str+3} (You bought it in a shop on level 1 of
                  | the Lair of Beasts)
 12576 | Lair:1   | Noticed a death yak
 12577 | Lair:1   | Noticed a death yak
 12577 | Lair:1   | Noticed a death yak
 12591 | Lair:1   | Noticed a death yak
 12591 | Lair:1   | Noticed a death yak
 12592 | Lair:1   | Noticed a death yak
 12605 | Lair:1   | Killed a death yak
 12611 | Lair:1   | Killed a death yak
 12617 | Lair:1   | Killed a death yak
 12622 | Lair:1   | Killed a death yak
 12623 | Lair:1   | Reached skill level 17 in Unarmed Combat
 12630 | Lair:1   | Killed a death yak
 12638 | Lair:1   | Killed a death yak
 12842 | Lair:1   | Reached XP level 13. HP: 100/106 MP: 13/13
 12950 | Lair:1   | Identified the amulet of Tomuekuk {Regen+ Str+3}
 13321 | Lair:2   | Noticed Prince Ribbit
 13331 | Lair:2   | Killed Prince Ribbit
 13410 | Lair:2   | Reached skill level 18 in Unarmed Combat
 13482 | Lair:2   | Found a runed translucent door.
 13482 | Lair:2   | Noticed Ligragoa's ghost (journeyman TrGl)
 13935 | Lair:2   | Killed Ligragoa's ghost
 14034 | Lair:3   | Found a staircase to the Swamp.
 14034 | Lair:3   | Noticed an eleionoma
 14036 | Lair:3   | Noticed Snorg
 14050 | Lair:3   | Killed an eleionoma
 14053 | Lair:3   | Killed Snorg
 14090 | Lair:3   | Noticed Gastronok
 14102 | Lair:3   | Killed Gastronok
 14215 | Lair:3   | Found a staircase to the Snake Pit.
 14255 | Lair:3   | Reached skill level 19 in Unarmed Combat
 14872 | Lair:4   | Gained mutation: You have a pair of large horns on your
                  | head. [demonic ancestry]
 14872 | Lair:4   | Reached XP level 14. HP: 82/113 MP: 14/14
 15292 | Lair:4   | Reached skill level 20 in Unarmed Combat
 15566 | Lair:5   | Entered Level 5 of the Lair of Beasts
 15963 | Lair:5   | Reached skill level 21 in Unarmed Combat
 16485 | Lair:5   | Found a viscous altar of Jiyva.
 16601 | Lair:5   | Found a runed translucent door.
 16710 | Lair:5   | Reached XP level 15. HP: 110/120 MP: 15/15
 17183 | D:13     | Bought a potion of mutation for 120 gold pieces
 17621 | D:13     | Reached skill level 1 in Shapeshifting
 17631 | D:13     | Found a gate to the Vaults.
 17758 | D:14     | Identified the +7 triple sword of Evil {venom, *Corrode
                  | +Blink rPois Stlth+}
 17833 | D:14     | Noticed Kirke
 17842 | D:14     | Killed Kirke
 18242 | D:14     | Noticed Louise
 18259 | D:14     | Killed Louise
 18563 | D:15     | Entered Level 15 of the Dungeon
 18619 | D:15     | Reached skill level 5 in Shapeshifting
 18686 | D:15     | Found a staircase to the Depths.
 18735 | D:15     | Noticed Josephine
 18745 | D:15     | Killed Josephine
 18876 | D:15     | Paralysed by something for 3 turns
 19415 | Snake:1  | Entered Level 1 of the Snake Pit
 19442 | Lair:3   | HP: 6/121 [poisoned by a naga ritualist (splash of poison)]
 19447 | Lair:3   | HP: 4/121 [poisoned by a naga ritualist (splash of poison)]
 19608 | Snake:1  | HP: 4/121 [naga/+0 trident (16)]
 19704 | Snake:1  | Found a runed translucent gate.
 19704 | Snake:1  | Found a runed translucent gate.
 19722 | Snake:1  | Noticed Liju's ghost (adept SpHu)
 19724 | Snake:1  | Found a runed translucent gate.
 19861 | Snake:1  | Reached XP level 16. HP: 120/127 MP: 16/16
 19910 | Snake:1  | Reached skill level 10 in Shapeshifting
 20682 | Snake:1  | Bought the +3 warlock's mirror {omnireflect} for 480 gold
                  | pieces
 20682 | Snake:1  | Found the +3 warlock's mirror {omnireflect}
 20838 | Snake:1  | Killed Liju's ghost
 20846 | Snake:1  | Identified the ring "Zewkib" {AC+4 Str+2 Int+2}
 20970 | Snake:2  | Found the +8 demon blade "Leech" {evervamp, Harm Drain rN+}
 21059 | Snake:2  | Found Kocafisu's Firing Range.
 21767 | Snake:3  | Found Pogum's Weapon Shoppe.
 22092 | Snake:3  | Found a runed translucent door.
 22092 | Snake:3  | Noticed Qootor's ghost (journeyman DECj)
 22155 | Snake:3  | Noticed Azrael
 22166 | Snake:3  | Killed Azrael
 22700 | Snake:3  | Identified the +2 pair of boots of True Grit {Int+2}
 22982 | Snake:4  | Entered Level 4 of the Snake Pit
 23153 | Snake:4  | Gained mutation: You are completely covered in yellow
                  | scales. (AC +4, rCorr) [demonic ancestry]
 23153 | Snake:4  | Reached XP level 17. HP: 117/133 MP: 17/17
 23462 | Snake:4  | Identified the +9 orcbow "Huliuc" {speed, rElec rF- Str+6}
 23779 | Snake:4  | Reached skill level 15 in Shapeshifting
 23848 | Snake:4  | Noticed Vashnia
 23884 | Snake:4  | Killed Vashnia
 24032 | Snake:4  | Got a serpentine rune of Zot
 24265 | Swamp:1  | Entered Level 1 of the Swamp
 25430 | Swamp:3  | Gained mutation: Your magical and physical power is
                  | slightly enhanced at high health. [demonic ancestry]
 25430 | Swamp:3  | Reached XP level 18. HP: 140/140 MP: 18/18
 25544 | Swamp:3  | Noticed a tentacled monstrosity
 25551 | Swamp:3  | Killed a tentacled monstrosity
 26307 | Swamp:4  | Entered Level 4 of the Swamp
 26314 | Swamp:4  | Reached skill level 1 in Shields
 26531 | Swamp:4  | Noticed the 27-headed Lernaean hydra
 26550 | Swamp:4  | Killed the 27-headed Lernaean hydra
 26585 | Swamp:4  | Got a decaying rune of Zot
 26674 | Swamp:4  | Identified the serpent talisman of Amorality {Str+4 Dex+4}
 26674 | Swamp:4  | Noticed Aizul
 26695 | Swamp:4  | Killed Aizul
 26781 | Swamp:4  | Identified the ring "Umeimm" {AC+4 Dex+2}
 27075 | Swamp:4  | Got Purakh's Papyrus of the Kinetic Gargoyle
 27559 | Elf:1    | Entered Level 1 of the Elven Halls
 27718 | Elf:1    | Reached skill level 22 in Unarmed Combat
 27814 | Elf:1    | You fall into a shaft and drop 1 floor!
 27841 | Elf:2    | Found The Oracle's Delphic Readings.
 27930 | Elf:2    | Gained mutation: When hurt, damage is shared between your
                  | health and your magic reserves. [demonic ancestry]
 27930 | Elf:2    | Reached XP level 19. HP: 145/151 MP: 19/19
 28040 | Elf:2    | Found a crumbling gateway.
 28051 | Desolati | Entered the Desolation of Salt
 28269 | Desolati | Identified the orb "Tughog" {guile, rPois rN+ Str+3}
 28303 | Desolati | Got the Catalogue of the Jinx and Combat Magic
 28315 | Desolati | Found the +8 storm bow {elec, penet}
 28319 | Desolati | Identified the staff of the Crypt {Fragile rC+ Str+4 Ice}
 28325 | Desolati | Identified the +1 orcbow of Dithmenos's Grace {heavy, rF+}
 28411 | Desolati | Identified the +7 ring mail "Bealarph" {rPois}
 28429 | Desolati | Identified the ring of Jeow {Fly rF+ Will+}
 28533 | Desolati | Got the Teachings on Twinkling Geology
 28702 | Desolati | Identified the ring "Neat" {rPois rF- Will+ Slay-3 SInv}
 28711 | Desolati | Identified the amulet of Xom's Whimsicality {Faith rF+
                  | Str+4}
 28724 | Desolati | Identified the +8 sling of Absolution {drain, Drain MP+9
                  | Dex+4}
 28738 | Desolati | Got the Omnibus of Hapless Portals
 29020 | Elf:2    | Reached skill level 15 in Fighting
 29123 | Elf:3    | Entered Level 3 of the Elven Halls
 29123 | Elf:3    | Found a portal to a secret trove of treasure.
 29167 | Elf:3    | Found a flickering gateway to a bazaar.
 29173 | Bazaar   | Entered a bazaar
 29173 | Bazaar   | Found Zeynt's Distillery.
 29183 | Bazaar   | Found Ywulix's General Store.
 29194 | Bazaar   | Found Ukifoapau's Antique Armour Shoppe.
 29202 | Bazaar   | Found Qusisiop's Antique Weapon Shoppe.
 29213 | Bazaar   | Found Wybri's Book Boutique.
 29240 | Bazaar   | Bought a potion of heal wounds for 50 gold pieces
 29240 | Bazaar   | Bought a potion of haste for 100 gold pieces
 29240 | Bazaar   | Bought a potion of mutation for 80 gold pieces
 29240 | Bazaar   | Bought a potion of mutation for 80 gold pieces
 29251 | Bazaar   | Bought a scroll of blinking for 90 gold pieces
 29251 | Bazaar   | Bought 3 scrolls of enchant armour for 270 gold pieces
 29472 | Elf:3    | Found Buacism's General Store.
 29544 | Elf:3    | Found Ytogh's Armour Shop.
 29568 | Elf:3    | Bought a potion of heal wounds for 75 gold pieces
 30138 | Elf:3    | Identified the +6 long sword "Nigaraf" {freeze, Str+2}
 30231 | Elf:3    | Identified the +7 halberd "Oviun" {heavy, rElec rC+ Dex+4}
 30242 | Elf:3    | Identified the +1 robe "Idghops" {Dex+3}
 30242 | Elf:3    | Identified the +1 buckler of Shielding {*Slow Regen+ Dex+7
                  | Stlth-}
 30345 | Elf:3    | Identified the staff of Eternal Harmony {Fragile rElec rC+
                  | Int+2 Tloc Air}
 30399 | Elf:3    | Identified the +4 pair of boots "Reezoib" {Str+2 Stlth+}
 30402 | Elf:3    | Identified the death talisman of the Dungeon {+Blink rC++
                  | Str+4}
 30406 | Elf:3    | Got Idiaruci's Compilation of Doom
 30412 | Elf:3    | Got Halaf's Quarto of the Moving Catacomb
 30869 | Elf:3    | You paid a toll of +4 storm dragon scales to enter a
                  | treasure trove
 30870 | Trove    | Entered a treasure trove
 30904 | Trove    | Identified the ring of Inophogy {rElec rPois MP+9 Str+4
                  | Int-4}
 30924 | Trove    | Gained mutation: When low on magic, you restore magic in
                  | place of health. [demonic ancestry]
 30924 | Trove    | Reached XP level 20. HP: 164/164 MP: 20/20
 30934 | Trove    | Got Sif Muna's Compilation of Destruction and Contamination
 31455 | Elf:1    | Bought the ring of Terra Nullius {rPois rC+ Slay+4} for
                  | 1250 gold pieces
 31618 | Vaults:1 | Entered Level 1 of the Vaults
 31658 | Vaults:1 | Gained mutation: You are completely covered in sharp
                  | spines. [demonic ancestry]
 31658 | Vaults:1 | Reached XP level 21. HP: 171/171 MP: 19/21
 32627 | Vaults:1 | Identified the +0 cloak of Mauke {Str+2 Int+3 Dex+2}
 32798 | Vaults:1 | Found Wigroarr's Book Shoppe.
 32981 | Vaults:2 | Found Yhyar's General Store.
 33057 | Vaults:2 | Bought 3 scrolls of fog for 240 gold pieces
 33057 | Vaults:2 | Bought a scroll of fear for 80 gold pieces
 33087 | Vaults:2 | Reached skill level 5 in Shields
 33763 | Vaults:2 | Found a staircase to the Crypt.
 34627 | Vaults:3 | Reached skill level 10 in Shields
 35355 | Vaults:4 | Reached XP level 22. HP: 179/179 MP: 20/22
 35538 | Vaults:4 | Identified a scroll of acquirement
 35651 | Vaults:4 | Acquired 771 gold pieces
 36038 | Vaults:4 | Found Gankeul's Distillery.
 36046 | Vaults:4 | Bought a potion of heal wounds for 105 gold pieces
 36046 | Vaults:4 | Bought a potion of heal wounds for 105 gold pieces
 36046 | Vaults:4 | Bought a potion of haste for 210 gold pieces
 36275 | Vaults:5 | Entered Level 5 of the Vaults
 36301 | Vaults:5 | Noticed a golden dragon
 36303 | Vaults:5 | Noticed Sojobo
 36313 | Vaults:5 | Killed a golden dragon
 36336 | Vaults:5 | Identified the ring of the Pharaoh's Fist {rF++ rC- rN+
                  | Str+3 SInv}
 36338 | Vaults:5 | an eleionoma changed into a golden dragon
 36338 | Vaults:5 | Noticed a golden dragon (glowing shapeshifter)
 36341 | Vaults:5 | a golden dragon changed into an acid blob
 36349 | Vaults:5 | a shadow dragon changed into a golden dragon
 36349 | Vaults:5 | Noticed a golden dragon (glowing shapeshifter)
 36351 | Vaults:5 | a golden dragon changed into an iron dragon
 36352 | Vaults:5 | an iron dragon changed into a caustic shrike
 36352 | Vaults:5 | Noticed a caustic shrike (glowing shapeshifter)
 36354 | Vaults:5 | a caustic shrike changed into an acid blob
 36356 | Vaults:5 | an acid blob changed into a golden dragon
 36356 | Vaults:5 | Noticed a golden dragon (glowing shapeshifter)
 36357 | Vaults:5 | a golden dragon changed into an iron giant
 36444 | Vaults:5 | Reached skill level 15 in Shields
 36709 | Vaults:5 | Identified the +1 leather armour of Relativism {rPois Will-
                  | rCorr}
 36737 | Vaults:5 | Identified the +6 arbalest "Efu Pastriez" {antimagic,
                  | Stlth+}
 36737 | Vaults:5 | Identified the ring "Dangouny" {rElec rPois Str+2}
 36752 | Vaults:5 | Paralysed by an air elemental for 1 turns
 36761 | Vaults:5 | Killed Sojobo
 36798 | Vaults:5 | Noticed an ancient lich
 36801 | Vaults:5 | Killed an ancient lich
 37082 | Vaults:5 | Identified the +2 leather armour "Eteelor" {Rampage +Blink
                  | Dex+3}
 37179 | Vaults:5 | Got a silver rune of Zot
 37200 | Vaults:5 | Identified the +1 robe of Syndicalism {rCorr Stlth+}
 37235 | Vaults:5 | Noticed a golden dragon
 37245 | Vaults:5 | Killed a golden dragon
 37246 | Vaults:5 | Reached XP level 23. HP: 185/185 MP: 23/23
 38352 | Depths:1 | Entered Level 1 of the Depths
 38413 | Depths:1 | Found a one-way gateway to a ziggurat.
 38422 | Zig:1    | Entered Level 1 of a ziggurat
 38449 | Zig:2    | Entered Level 2 of a ziggurat
 38462 | Zig:2    | Identified the +10 falchion of Zucaxt Juche {heavy, Fragile
                  | Will+ Dex+2}
 38465 | Zig:3    | Entered Level 3 of a ziggurat
 38465 | Zig:3    | Found the +8 pair of quick blades "Gyre" and "Gimble"
                  | {protect}
 38532 | Zig:3    | Identified the +3 war axe of Causality {spect, Str+7 Dex-2}
 38536 | Zig:4    | Entered Level 4 of a ziggurat
 38584 | Zig:5    | Entered Level 5 of a ziggurat
 38587 | Zig:5    | Noticed Moel the pandemonium lord
 38595 | Zig:5    | Killed Moel the pandemonium lord
 38652 | Zig:6    | Entered Level 6 of a ziggurat
 38693 | Zig:6    | Identified the +7 plate armour "Qoco" {rF+++ Str+3 Dex-5}
 38803 | Zig:7    | Entered Level 7 of a ziggurat
 38806 | Zig:7    | Noticed a juggernaut
 38814 | Zig:7    | Killed a juggernaut
 38878 | Zig:7    | Found the +7 great mace "Undeadhunter" {deathbane, rN+}
 38895 | Zig:8    | Entered Level 8 of a ziggurat
 38917 | Zig:8    | Noticed a dread lich
 38918 | Zig:8    | Paralysed by a vampire knight for 3 turns
 38927 | Zig:8    | Noticed a dread lich
 38927 | Zig:8    | Noticed an ancient lich
 38936 | Zig:8    | Killed a dread lich
 39036 | Zig:8    | Identified the +0 chain mail of Kobeage {Dex+2}
 39069 | Depths:1 | Found an iron altar of Okawaru.
 39137 | Depths:1 | Found Ukhlynki's General Store.
 39138 | Depths:1 | Found Subriac's Book Shoppe.
 39151 | Depths:1 | Found Wufiobre's Armour Shop.
 39180 | Depths:1 | Identified the +0 pair of gloves of Midsummer {rF+}
 39180 | Depths:1 | Noticed Nikola
 39188 | Depths:1 | Killed Nikola
 39216 | Depths:1 | Found Tich's Distillery.
 39222 | Depths:1 | Bought 2 potions of heal wounds for 190 gold pieces
 39222 | Depths:1 | Bought a potion of might for 76 gold pieces
 39296 | Depths:1 | Found Honos's Book Shoppe.
 39327 | Depths:1 | Found a one-way gate to the infinite horrors of the Abyss.
 39568 | Depths:4 | Entered Level 4 of the Depths
 39755 | Depths:4 | Reached XP level 24. HP: 193/193 MP: 23/24
 39758 | Depths:4 | Reached skill level 1 in Spellcasting
 39792 | Depths:4 | Found a gate to the Realm of Zot.
 39811 | Zot:1    | Entered Level 1 of the Realm of Zot
 40044 | Zot:3    | Reached skill level 5 in Spellcasting
 40372 | Zot:4    | Noticed a Killer Klown
 40381 | Zot:4    | Killed a Killer Klown
 40470 | Zot:4    | Identified the +10 mace of the Loving Goat {heavy, rC-
                  | Int+6}
 40472 | Zot:5    | Entered Level 5 of the Realm of Zot
 40635 | Zot:5    | Noticed an orb of fire
 40678 | Zot:5    | Noticed an ancient lich
 40679 | Zot:5    | Noticed a Killer Klown
 40687 | Zot:5    | Noticed a Killer Klown
 40692 | Zot:5    | Killed a Killer Klown
 40695 | Zot:5    | Killed an orb of fire
 40703 | Zot:5    | Noticed an orb of fire
 40709 | Zot:5    | Noticed a Killer Klown
 40747 | Zot:5    | Got the Orb of Zot
 40876 | Zot:1    | Noticed Tuacsauh the pandemonium lord
 40876 | Zot:1    | Noticed an ancient lich
 40925 | Depths:4 | Reached skill level 10 in Spellcasting
 40937 | Depths:4 | Noticed Neipru the pandemonium lord
 40939 | Depths:4 | Noticed an ancient lich
 40954 | Depths:3 | Found a corrupted altar of Lugonu.
 41393 | D:3      | Noticed Enum Vuu the pandemonium lord
 41413 | D:3      | Killed Enum Vuu the pandemonium lord
 41414 | D:3      | Gained mutation: Your magical and physical power is
                  | enhanced at high health. [demonic ancestry]
 41414 | D:3      | Reached XP level 25. HP: 210/210 MP: 35/38
 41414 | D:3      | Noticed a seraph
 41425 | D:2      | Noticed Natasha
 41428 | D:2      | Killed Natasha
 41472 | D:$      | Escaped with the Orb!

Illustrated notes

Levels and vault maps discovered:
D:1:      dpeg_arrival_prison, layout_basic
D:2:      layout_basic, uniq_terence, uniq_natasha
D:3:      layout_loops_ring, mainiacjoe_sewer_entry_somewhere_in_here_2,
          uniq_robin, uniq_sigmund
D:4:      layout_loops_ring, nicolae_hepliaklqana_hippocampus,
          roderic_serpentine_path, minmay_gold_behind_fungi, grunt_ministairs_2,
          kennysheep_windowed_goal, uniq_menkaure
D:5:      layout_basic, minmay_temple_entry_statues_fountains
D:6:      layout_cave_pools, pdpol_wu_jian_five_deadly_venoms, serial_shops,
          shop, minmay_between
D:7:      layout_layer_cave, nicolae_overflow_hidden_temple,
          makhleb_grotto_becter
D:8:      layout_cave_pods, grunt_qazlal_sundering
D:9:      layout_long_grid, kennysheep_orc_sif_temple,
          nicolae_dithmenos_shadow_blocks, orc_0_dummy, serial_co_window_serial,
          co_window_corner_a, co_window_paths_b, co_window_corner_a,
          co_window_of_opportunity_a, co_window_paths_a, co_window_paths_b,
          co_window_paths_a, co_window_corner_a, co_window_cross_1,
          co_window_2corner, co_window_of_opportunity_b, co_window_broadway_a,
          co_window_of_opportunity_c, glass_columns_a, glass_columns_c,
          glass_columns_a, glass_columns_a, glass_columns_b, moated_statue,
          uniq_psyche
D:10:     layout_cave_pools, minmay_fractal_squares_diagonal_5
D:11:     cheibrodos_shockbox, layout_small_grid, due_lair_maze_entry_diamond,
          serial_shops, shop
D:12:     layout_roguey, serial_nicolae_subway, nicolae_sub_station_stone,
          nicolae_sub_station_metal, nicolae_sub_station_crystal, uniq_erolcha,
          uniq_fannar
D:13:     layout_basic, david_vaults_4
D:14:     layout_irregular_city, nicolae_tricolors, uniq_kirke, uniq_louise
D:15:     gammafunk_depths_entry_grave, layout_basic, fountainhead,
          minmay_alternating_orb, uniq_josephine
Temple:   regret_index_temple_waves
Lair:1:   layout_cave_pods, beast_lair_carwin_2
Lair:2:   layout_roguey, hellmonk_ghost_happy_afterlife, grunt_megastairs_5,
          uniq_prince_ribbit2
Lair:3:   layout_cave_shapes, alex1729_swamp_entry_worm_eleionoma,
          minmay_snake_entry_six_corridors, uniq_snorg, uniq_gastronok
Lair:4:   layout_regular_city, nicolae_volcano_entry_batcave,
          grunt_megastairs_4, infiniplex_staircase_pool
Lair:5:   hangedman_lair_caniforms_friends, layout_misc_corridors, wormcave,
          minmay_slime_entry_oklob_enclosed
Swamp:1:  layout_basic_swamp, nicolae_swamp_triple_paths
Swamp:2:  layout_basic_swamp, serial_swamp_ruin, evilmike_swamp_ruin_house_2,
          hangedman_swamp_ruin_hall, evilmike_swamp_ruin_rubble_2,
          infiniplex_staircase_pool_2
Swamp:3:  nzn_winding_woodlands_cross
          [nzn_winding_woodlands_5x15_river_crossing,
          nzn_winding_woodlands_5x15_split_checker,
          nzn_winding_woodlands_5x15_eye, nzn_winding_woodlands_5x15_default,
          nzn_winding_woodlands_15x15_killbox], layout_basic_swamp,
          evilmike_swamp_ruin_house_5, swamp_pool_1_2, beargit_elvish_explorers
Swamp:4:  swamp, layout_basic_swamp, roderic_carrion_pond, swamp_pool_1_2,
          hangedman_swamp_pad, nzn_swamp_dancing_lights, uniq_aizul
Snake:1:  layout_layer_cave, gammafunk_ghost_split
Snake:2:  layout_misc_corridors, nicolae_snake_gridmaze_entwining,
          nicolae_shop_firing_range
Snake:3:  layout_grid_maze, gammafunk_ghost_grave, serial_shops, shop,
          nicolae_snake_salamander_stairs, uniq_azrael
Snake:4:  grunt_snake_rune_serpentine_throne, layout_cave_town
Orc:1:    layout_caves, ebering_ghost_inner_flame, serial_shops,
          nicolae_shop_overgrown_old_shop, uniq_harold
Orc:2:    st_orc_mages, layout_caves
Elf:1:    minmay_elf_arrival_circle, layout_loops_cross, minivault_28
Elf:2:    elven_hall_of_blades_hangedman_original [nicolae_blade_tridents],
          layout_geoelf_grid, portal_desolation_entry_garden,
          nicolae_elf_big_sculpture_2, minivault_23, minmay_misc_feat_ornament,
          st_stairs_1, nicolae_nh_oracle_at_delphi
Elf:3:    elf_hall_gauntlet_narrow, layout_geoelf_castle, serial_shops,
          bzr_entry_safe, shop, nicolae_shop_hallway_plus,
          nicolae_trove_entry_isolated
Vaults:1: hangedman_vaults_river_flow, nicolae_vaults_trapezoid_layered,
          serial_library_regret_index_small_wings, nicolae_vaults_diamond_2,
          nooodl_orcs_dogs, v_misc_27, nicolae_vaults_trapezoid_lopsided_3,
          grunt_vaults_hallway_short, layout_vaults_chaotic_city, serial_shops,
          shop
Vaults:2: hangedman_vaults_impose, hangedman_vaults_nodes, grunt_vaults_bifocal,
          nicolae_vaults_apartment_1, v_alt_pattern_6,
          minmay_crypt_entry_simple_statues, v_misc_28,
          nicolae_vaults_spaceships, dpeg_vaults_monster_box, vaults_room_pool,
          hangedman_vaults_slice, nicolae_vaults_trapezoid_3,
          layout_vaults_ring, serial_shops, shop_statue
Vaults:3: hangedman_vaults_locks, ontoclasm_vaults_ring_small,
          nicolae_vaults_six-pack, v_misc_10, vaults_standard_mumra_lines,
          v_misc_2, nicolae_vaults_mini_display_case, layout_vaults_quadrants
Vaults:4: nicolae_vaults_mitosis, nicolae_vaults_angled_halls,
          grunt_vaults_funnel, grunt_vaults_twisty,
          nicolae_vaults_corridor_and_loot_room, v_misc_24,
          nicolae_vaults_gold_heap, nicolae_vaults_house_2,
          nicolae_vaults_sightless_eye, vaults_dpeg_cross,
          dpeg_vaults_monster_row, nicolae_vaults_little_squares_3,
          layout_vaults_maze_bifur, serial_shops, shop
Vaults:5: uniq_sojobo
Depths:1: layout_basic, enter_ziggurat_f, old_standard_altar,
          hangedman_abyss_entry_splay, hangedman_geh_valley, serial_shops, shop,
          shop, shop, shop, shop_statue, st_stairs_4, minmay_misc_feat_tiny,
          nicolae_titane, uniq_nikola
Depths:2: nicolae_hitomezashi [nicolae_hito_row, nicolae_hito_row,
          nicolae_hito_row, nicolae_hito_row, nicolae_hito_row,
          nicolae_hito_row, nicolae_hito_row, nicolae_hito_row,
          nicolae_hito_row, nicolae_hito_row, nicolae_hito_row,
          nicolae_hito_row, nicolae_hito_row, nicolae_hito_row,
          nicolae_hito_row, nicolae_hito_row, nicolae_hito_row,
          nicolae_hito_row], layout_gridlike, serial_glass, glass_columns_b,
          glass_columns_b, glass_columns_a, glass_columns_b, glass_columns_b,
          glass_columns_a, glass_columns_a, glass_columns_a, feat_on_display,
          feat_on_display, dk_noncrumbling_2, hell_entry, abyss_entry,
          rand_demon_pan_entry_1, hangedman_aerie_drop
Depths:3: minmay_connected_triangles_in_corner, layout_cave_pools,
          abyss_entry_flame_altar, grunt_mini_vestibule, abandoned_shop,
          infiniplex_staircase_pillars_3a, firewood_loft
Depths:4: grunt_zot_entry_gee_three, layout_basic, grunt_pan_entry_in_and_out,
          nicolae_hell_entry_big_baal_hell, nicolae_gozag_seed_capital,
          nicolae_vehumet_altar_sigil, uniq_mennas
Zot:1:    layout_basic, skrybe_zot_glass_3
Zot:2:    layout_twisted_circle
Zot:3:    layout_onion
Zot:4:    layout_gridlike
Zot:5:    layout_basic

Skill      XL: |  1  2  3  4  5  6  7  8  9 10 11 12 13 14 15 16 17 18 19 20 21 22 23 24 |
---------------+-------------------------------------------------------------------------+-----
Unarmed Combat | 1 3 4 5 6 7 9 11 13 14 17 19 21 22 | 22.8
Fighting       | 2 3 5 7 9 10 11 12 13 15 16 19 | 19.9
Shapeshifting  | 9 13 16 17 18 19 | 19.4
Shields        | 4 11 16 20 | 20.3
Spellcasting   | 11 | 11.1
Armour         | |  1.9
Dodging        | |  0.8
Stealth        | |  0.8
Evocations     | |  3.0

Action                     |  1- 3 |  4- 6 |  7- 9 | 10-12 | 13-15 | 16-18 | 19-21 | 22-24 | 25-27 || total
---------------------------+-------+-------+-------+-------+-------+-------+-------+-------+-------++-------
  Melee: Club              |    33 |       |       |       |       |       |       |       |       ||    33
         Mace              |    29 |       |       |       |       |       |       |       |       ||    29
         Unarmed           |    12 |    45 |       |       |   924 |  1013 |   686 |  1029 |     1 ||  3710
         Headbutt          |     9 |    31 |    34 |   114 |   229 |   211 |   167 |   306 |       ||  1101
         Punch             |       |     2 |    15 |    58 |    80 |       |       |       |       ||   155
         Whip              |       |   124 |   209 |   526 |    41 |       |       |       |       ||   900
  Throw: Throwing net      |       |       |       |     1 |       |       |       |       |       ||     1
 Invoke: Call Merchant     |       |       |       |     2 |     3 |     3 |       |       |       ||     8
         Potion Petition   |       |       |       |       |       |       |       |     3 |       ||     3
         Bribe Branch      |       |       |       |       |       |       |       |     2 |       ||     2
  Evoke: Wand              |    13 |    38 |     9 |    20 |     4 |     4 |       |     1 |       ||    89
    Use: Scroll            |       |     9 |     8 |    10 |    12 |     8 |    10 |    23 |       ||    80
         Potion            |       |       |       |     3 |     7 |    11 |     6 |    19 |       ||    46
   Stab: Sleeping          |     1 |       |       |       |       |       |     2 |       |       ||     3
         Paralysed         |       |       |       |    15 |       |     2 |       |       |       ||    17
         Distracted        |       |       |       |     7 |    10 |    11 |     8 |    11 |       ||    47
         Confused          |       |       |       |       |       |     2 |       |       |       ||     2
         Invisible         |       |       |       |       |       |       |       |     2 |       ||     2
 Armour: Leather armour    |    41 |     3 |       |       |       |       |       |       |       ||    44
         Scale mail        |       |   108 |   178 |   499 |       |       |       |       |       ||   785
         Chain mail        |       |       |       |    77 |   791 |   213 |       |       |       ||  1081
         Skin              |       |       |       |       |     2 |   778 |   699 |   901 |     3 ||  2383
  Dodge: Dodged            |    38 |    64 |   101 |   224 |   239 |   361 |   259 |   254 |       ||  1540
  Block: Tower shield      |       |       |       |       |   102 |       |   262 |  1472 |     9 ||  1845
         Kite shield       |       |       |       |       |     4 |    23 |       |       |       ||    27
         Buckler           |       |       |       |       |       |   274 |   168 |       |       ||   442
         Reflection        |       |       |       |       |       |    60 |    61 |    42 |     2 ||   165
   Form: Statue            |       |       |       |       |       |     1 |       |       |       ||     1

Table legend: (Time is in decaauts)
 A = Elapsed time spent in this place.
 B = Non-inter-level travel time spent in this place.
 C = Inter-level travel time spent in this place.
 D = Time resting spent in this place.
 E = Time spent auto-exploring this place.
 F = Levels seen in this place.
 G = Mean time per level.
                   A        B        C        D        E       F      G
               +--------+--------+--------+--------+--------+-----+--------+
         Total |  49618 |  44295 |   5323 |   1370 |  32082 |  60 |  827.0 |
       Dungeon |  13274 |  11453 |   1821 |    339 |   8666 |  15 |  884.9 |
        Temple |     82 |      2 |     80 |      0 |      0 |   1 |   82.0 |
          Lair |   5028 |   4541 |    487 |    247 |   3151 |   5 | 1005.6 |
         Swamp |   4541 |   4282 |    259 |     16 |   3458 |   4 | 1135.2 |
     Snake Pit |   5270 |   4746 |    524 |     71 |   3357 |   4 | 1317.5 |
  Orcish Mines |   1599 |   1504 |     95 |    118 |    919 |   2 |  799.5 |
   Elven Halls |   4216 |   3288 |    928 |    139 |   2458 |   3 | 1405.3 |
        Vaults |   9573 |   9138 |    435 |     39 |   7379 |   5 | 1914.6 |
        Depths |   1404 |   1080 |    324 |    123 |    525 |   4 |  351.0 |
           Zot |   1464 |   1097 |    367 |    276 |    303 |   5 |  292.8 |
      Ziggurat |    867 |    867 |      0 |      0 |    500 |   8 |  108.4 |
        Bazaar |    146 |    146 |      0 |      0 |     76 |   1 |  146.0 |
         Trove |    143 |    143 |      0 |      0 |     46 |   1 |  143.0 |
         Sewer |    889 |    889 |      0 |      0 |    590 |   1 |  889.0 |
    Desolation |   1115 |   1115 |      0 |      0 |    651 |   1 | 1115.0 |
               +--------+--------+--------+--------+--------+-----+--------+

Top non-repeatable levels by time:
Vaults:5: 2577 daAuts
   Elf:3: 2400 daAuts
Vaults:1: 1903 daAuts
Vaults:3: 1882 daAuts
Vaults:2: 1721 daAuts
 Snake:4: 1634 daAuts
 Swamp:4: 1526 daAuts
Vaults:4: 1489 daAuts
 Snake:3: 1463 daAuts
 Swamp:3: 1394 daAuts
 Snake:1: 1380 daAuts
  Lair:5: 1339 daAuts
   Elf:1: 1158 daAuts
Desolation: 1115 daAuts
     D:2: 1106 daAuts
